Selects Australian Defense Battlegroup
Selects Australian Light Infantry Section
Australian Light Infantry Section
Construct Section Command Post
Construct Section Command Post
Construct Platoon Command Post
Selects CMP 15cwt Supply Run
Unlock Bishop Self-propelled Artillery
Bishop Self-propelled Artillery
Construct Field Infirmary
Selects 2-pounder Anti-tank Gun Team
2-pounder Anti-tank Gun Team
2-pounder Anti-tank Gun Team
Construct Company Command Post
Unlock M3 Grant Medium Tanks
Selects Vehicle Over Repair